 Dungeon Sprint DCSS version 0.24.0-37-gcf1ca852f1 (webtiles) character file.

Game seed: 17382113036523477224, levelgen mode: deterministic

631 Cryoshakespeare the Earth Mage (level 7, -1/36 HPs)
             Began as a Vampire Earth Elementalist on Nov 23, 2019.
             Was an Initiate of Vehumet.
             Slain by an orange demon (10 damage)
             ... summoned by a kobold demonologist
             ... in the Dungeon (Sprint I: "Red Sonja").
             The game lasted 00:03:44 (781 turns).

Cryoshakespeare the Earth Mage (VpEE)                Turns: 781, Time: 00:03:45

Health: -1/36      AC:  2    Str:  7    XL:     7   Next: 24%
Magic:  0/10       EV: 12    Int: 20    God:    Vehumet [......]
Gold:   405        SH:  0    Dex: 14    Spells: 4/10 levels left

rFire    . . .     SeeInvis +   (no weapon)
rCold    + + .     Gourm    .   (no shield)
rNeg     + + +     Faith    .   c - +0 robe
rPois    ∞         Spirit   .   (no helmet)
rElec    .         Reflect  .   (no cloak)
rCorr    .         Harm     .   (no gloves)
MR       .....     NoTele   +   (no boots)
Stlth    ++++......             (no amulet)
HPRegen  0.00/turn              (no ring)
MPRegen  0.12/turn              (no ring)

@: bloodless
A: no food, fangs 3, see invisible, unbreathing
a: Bat Form, Revivify, Renounce Religion


You were in the Dungeon.
You worshipped Vehumet.
Vehumet was noncommittal.
You were bloodless.

You visited 1 branch You collected 405 gold pieces.

Inventory:

Missiles
 b - 12 stones (quivered)
Armour
 c - a +0 robe (worn)
Scrolls
 i - a scroll of blinking
Potions
 d - a potion of curing
 f - a potion of haste
 g - 2 potions of magic
 h - a potion of berserk rage


   Skills:
 - Level 2.1 Dodging
 - Level 3.0 Stealth
 + Level 2.0 Spellcasting
   Level 1.1 Transmutations
 + Level 15.1 Earth Magic


You had 4 spell levels left.
You knew the following spells:

 Your Spells              Type           Power        Failure   Level  Hunger
a - Sandblast             Erth           ######       1%          1    N/A
b - Lee's Rapid Deconstr  Erth           ######....   1%          5    N/A

Your spell library contained the following spells:

 Spells                   Type           Power        Failure   Level  Hunger
 Passwall                 Tmut/Erth      ####....     1%          2    N/A
 Stone Arrow              Conj/Erth      ####..       1%          3    N/A
 Petrify                  Tmut/Erth      ####....     5%          4    N/A

Dungeon Overview and Level Annotations

Branches:
Dungeon (1/1)

Altars:
Cheibriados
Dithmenos
Elyvilon
Fedhas
Gozag
Hepliaklqana
Kikubaaqudgha
Makhleb
Nemelex Xobeh
Okawaru
Qazlal
Ru
Sif Muna
Trog
Uskayaw
Vehumet
Wu Jian
Xom
Yredelemnul
Zin
The Shining One
Jiyva
Lugonu

Shops:
D *


Innate Abilities, Weirdness & Mutations

You do not eat.
You do not regenerate when monsters are visible.
You are frail without blood (-20% HP).
You can heal yourself when you bite living creatures.
You are immune to poison.
You have razor-sharp teeth.
You have supernaturally acute eyesight. (SInv)
You can survive without breathing.


Message History

The ufetubus hits you. The ufetubus closely misses you. x3
Unknown command.
Okay, then.
You feel much better.
The kobold demonologist closely misses you.
The ufetubus hits you but does no damage.
The ufetubus barely misses you. The orange demon stings you from afar!
You miss the kobold demonologist.
The kobold demonologist is almost dead.
The ufetubus hits you. The ufetubus completely misses you.
The kobold demonologist hits you but does no damage.
The orange demon stings you from afar! The ufetubus barely misses you.
The ufetubus closely misses you.
You barely miss the kobold demonologist.
The kobold demonologist is almost dead.
The ufetubus disappears in a puff of smoke!
The kobold demonologist hits you with a +0 dagger.
* * * LOW HITPOINT WARNING * * *
The orange demon stings you from afar!
You die...

#########################
#<.#..).§#G.'..#__#..'...
#..[..#.@K4.#..'G.'..#
#..#####'#####4#__####
#..####..#...#(####
#..#__####..##)#
#..#_____##'#_.+
#⌠⌠#_.∩...'..._#
####_..__##_.#'#
#_____###+#%# ####### ###


You could see an orange demon, a kobold demonologist and a floating eye.

Vanquished Creatures
  A slime creature (D)
  Sigmund (D)
  A yak (D)
  An ogre (D)
  A jelly (D)
  Ijyb (D)
6 creatures vanquished.

Vanquished Creatures (others)
  A gargoyle (D)
1 creature vanquished.

Grand Total: 7 creatures vanquished

Notes
Turn   | Place    | Note
-------+----------+-------------------------------------------
     0 | D        | Cryoshakespeare the Vampire Earth Elementalist began the
                  | quest for the Orb.
     0 | D        | Reached XP level 1. HP: 13/13 MP: 3/3
     2 | D        | Noticed Ijyb
    18 | D        | Killed Ijyb
    18 | D        | Reached skill level 6 in Earth Magic
    18 | D        | Reached XP level 2. HP: 12/19 MP: 0/5
    75 | D        | Noticed an ogre
    78 | D        | Killed an ogre
    78 | D        | Reached skill level 9 in Earth Magic
    78 | D        | Reached XP level 3. HP: 24/24 MP: 2/6
    78 | D        | Reached XP level 4. HP: 30/30 MP: 2/7
   137 | D        | Noticed Sigmund
   139 | D        | Killed Sigmund
   139 | D        | Reached skill level 12 in Earth Magic
   139 | D        | Reached XP level 5. HP: 19/28 MP: 5/8
   139 | D        | Reached XP level 6. HP: 22/32 MP: 5/9
   250 | D        | Learned a level 5 spell: Lee's Rapid Deconstruction
   250 | D        | Found an ornate altar of the Wu Jian Council.
   250 | D        | Found a shimmering blue altar of Sif Muna.
   261 | D        | Killed a gargoyle
   298 | D        | Found a radiant altar of Vehumet.
   305 | D        | Found Howeo's Assorted Antiques.
   305 | D        | Found an ancient bone altar of Kikubaaqudgha.
   305 | D        | Found a hazy altar of Hepliaklqana.
   305 | D        | Found a stormy altar of Qazlal.
   305 | D        | Found a hide-covered altar of Uskayaw.
   305 | D        | Found a blossoming altar of Fedhas.
   305 | D        | Found a bloodstained altar of Trog.
   305 | D        | Found an iron altar of Okawaru.
   305 | D        | Found a basalt altar of Yredelemnul.
   305 | D        | Found a glowing golden altar of the Shining One.
   305 | D        | Found a snail-covered altar of Cheibriados.
   305 | D        | Found a sacrificial altar of Ru.
   305 | D        | Found a glowing silver altar of Zin.
   305 | D        | Found a shadowy altar of Dithmenos.
   305 | D        | Found a white marble altar of Elyvilon.
   305 | D        | Noticed a yak
   316 | D        | HP: 1/32 [yak (17)]
   317 | D        | Killed a yak
   317 | D        | Reached skill level 14 in Earth Magic
   629 | D        | Found an opulent altar of Gozag.
   630 | D        | Found a sparkling altar of Nemelex Xobeh.
   641 | D        | Became a worshipper of Vehumet
   666 | D        | Found a viscous altar of Jiyva.
   666 | D        | Found a corrupted altar of Lugonu.
   666 | D        | Noticed a slime creature
   667 | D        | Found a burning altar of Makhleb.
   667 | D        | Found a shimmering altar of Xom.
   670 | D        | Killed a slime creature
   670 | D        | Reached skill level 15 in Earth Magic
   670 | D        | Reached XP level 7. HP: 36/36 MP: 2/10
   750 | D        | Noticed a kobold demonologist
   758 | D        | Noticed a demonic crawler
   763 | D        | Paralysed by a floating eye for 3 turns
   772 | D        | Noticed an orange demon
   781 | D        | Slain by an orange demon

Levels and vault maps discovered:
D:        dungeon_sprint_1 [red_sonja_temple_1, red_sonja_temple_small_1]

Skill      XL: |  1  2  3  4  5  6 |
---------------+-------------------+-----
Earth Magic    | 6 9 12 15 | 15.1
Dodging        | |  2.1
Stealth        | |  3.0
Spellcasting   | |  2.0
Transmutations | |  1.1

Action                   |  1- 3 |  4- 6 |  7- 9 || total
-------------------------+-------+-------+-------++-------
Melee: Unarmed           |     9 |       |     4 ||    13
       Bite              |     2 |       |       ||     2
 Cast: Sandblast         |     6 |     8 |     4 ||    18
       Lee's Rapid Decon |       |     3 |     2 ||     5
 Abil: Exsanguinate      |       |     1 |       ||     1
  Use: Potion            |       |       |     1 ||     1
 Stab: Sleeping          |     1 |       |       ||     1
Armor: Robe              |     2 |     1 |     6 ||     9
Dodge: Dodged            |     6 |       |    15 ||    21
